 Dungeon Crawl Stone Soup version 0.16-a0-3691-gf72e470 (webtiles) character file.

651 stonewall the Slasher (level 7, -3/50 HPs)
             Began as a Mummy Warper on Jan 18, 2015.
             Slain by an ice beast (5 damage)
             ... on level 5 of the Dungeon.
             The game lasted 00:10:58 (6984 turns).

stonewall the Slasher (Mummy Warper)                Turns: 6984, Time: 00:10:58

Health: -3/50      AC:  4    Str: 14    XL:     7   Next: 28%
Magic:  12/12      EV: 11    Int: 14    God:
Gold:   169        SH:  0    Dex: 11    Spells: 3 memorised, 5 levels left

rFire  x . .     SeeInvis .     a - +0 falchion
rCold  + . .     Clarity  .     b - +0 leather armour
rNeg   + + +     SustAb   .     (no shield)
rPois  ∞         Gourm    .     (no helmet)
rElec  .         Spirit   .     (no cloak)
rCorr  .         Warding  .     g - +0 pair of gloves
rMut   .         Rnd*Tele +     (no boots)
MR     .....                    p - amulet of regeneration
Stlth  +.........               (no ring)
                                o - ring of teleportation (curse)

@: not resistant to hostile enchantments, very unstealthy
A: no food or potions, fire vulnerability, restore body, cold resistance 1,
negative energy resistance 3, poison resistance, torment resistance, unbreathing
a: Evoke Teleportation


You were on level 5 of the Dungeon.
You were not hungry.

You visited 1 branch of the dungeon, and saw 5 of its levels.

You collected 169 gold pieces.

Inventory:

Hand weapons
 a - a +0 falchion (weapon)
 e - a +0 dagger of pain
Missiles
 f - 4 tomahawks
 l - 8 javelins
 m - 3 poisoned tomahawks (quivered)
Armour
 b - a +0 leather armour (worn)
 g - a +0 pair of gloves (worn)
Jewellery
 j - a -3 ring of slaying
 o - a cursed ring of teleportation (left hand)
 p - an amulet of regeneration (around neck)
Scrolls
 d - a scroll of fog {unknown}
 h - 5 scrolls of identify
 i - a scroll of fear
 k - a scroll of enchant armour {unknown}
 n - a scroll of noise {unknown}
Books
 c - a book of Spatial Translocations

   Spells                             Type                      Level
   a - Apportation                    Translocation                1
   b - Blink                          Translocation                2
   c - Shroud of Golubria             Charms/Translocation         2
   d - Portal Projectile              Translocation                3
   e - Teleport Other                 Translocation                3
   f - Passage of Golubria            Translocation                4


   Skills:
 - Level 2.0 Fighting
 + Level 6.8 Long Blades
 - Level 0.7 Throwing
 - Level 0.7 Armour
 - Level 1.5 Dodging
 - Level 2.0 Spellcasting
 - Level 2.4 Translocations


You had 5 spell levels left.
You knew the following spells:

 Your Spells              Type           Power        Failure   Level  Hunger
a - Apportation           Tloc           #.........   14%         1    N/A
b - Blink                 Tloc           N/A          21%         2    N/A
c - Shroud of Golubria    Chrm/Tloc      #.........   30%         2    N/A

Dungeon Overview and Level Annotations

Branches:
Dungeon (5/15)
 Temple: D:4-7

Altars:
Cheibriados
Dithmenos
Elyvilon
Okawaru
Ru
Trog

Annotations:
D:2 exclusion: downstairs


Innate Abilities, Weirdness & Mutations

You do not eat or drink.
Your flesh is vulnerable to fire.
Your flesh is cold resistant.
You are immune to negative energy.
Your system is resistant to poisons.
You are immune to unholy pain and torment.
You can survive without breathing.


Message History

You hit the ice beast but do no damage.
The ice beast is severely wounded.
The ice beast hits you.
* * * LOW HITPOINT WARNING * * *
The ice beast freezes you. You resist.
* * * LOW HITPOINT WARNING * * *
You hit the ice beast.
The ice beast is almost dead.
You barely miss the ice beast.
The ice beast is almost dead.
The ice beast hits you.
* * * LOW HITPOINT WARNING * * *
The ice beast freezes you. You resist.
* * * LOW HITPOINT WARNING * * *
You hit the ice beast.
The ice beast is almost dead.
The ice beast hits you.
* * * LOW HITPOINT WARNING * * *
The ice beast freezes you. You resist.
You die...

#....# ##..## ##..##.
#......# ##...###
#...###
....#...###......###..##
#
..######...........#...#
# #.............##
##......#.....#
#(.....####...#
##..##.........# .
#.@###......>...... #Y.#
#...#####....# #...# . #
...# ...... ..# ...##..
.... ###. ... . . ..


You could see an ice beast.

Vanquished Creatures
  A centaur skeleton (D:5)
  The ghost of Gorice the Stinger, a weakling DgWn (D:3)
  A crimson imp (D:5)
  An orc priest (D:3)
  An orc wizard (D:4)
  2 worker ants (D:4)
  5 gnolls (D:3)
  5 adders
  A worm (D:3)
  2 giant geckos
  10 orcs
  12 bats
  10 goblins
  7 hobgoblins
  5 jackals
  A quokka (D:3)
  6 giant cockroaches
  3 giant newts
  12 kobolds
  10 rats
96 creatures vanquished.

Notes
Turn   | Place    | Note
--------------------------------------------------------------
     0 | D:1      | stonewall, the Mummy Warper, began the quest for the Orb.
     0 | D:1      | Reached XP level 1. HP: 16/16 MP: 3/3
   318 | D:1      | Reached XP level 2. HP: 13/22 MP: 4/4
  1613 | D:2      | Reached XP level 3. HP: 25/27 MP: 6/6
  1717 | D:2      | Found a white marble altar of Elyvilon.
  2008 | D:1      | Reached skill level 3 in Long Blades
  2356 | D:3      | Noticed Gorice's ghost (weakling DgWn)
  2675 | D:3      | Reached XP level 4. HP: 15/33 MP: 7/7
  3852 | D:3      | Reached skill level 4 in Long Blades
  4134 | D:4      | Reached XP level 5. HP: 38/38 MP: 9/9
  4151 | D:4      | Noticed a phantom
  4174 | D:4      | Found a bloodstained altar of Trog.
  4718 | D:3      | Found an iron altar of Okawaru.
  4750 | D:3      | Found a sacrificial altar of Ru.
  5480 | D:3      | Reached skill level 5 in Long Blades
  6127 | D:3      | Killed Gorice's ghost
  6127 | D:3      | Reached XP level 6. HP: 19/44 MP: 10/10
  6368 | D:3      | Learned a level 2 spell: Blink
  6371 | D:3      | Learned a level 2 spell: Shroud of Golubria
  6432 | D:4      | Found a shadowy altar of Dithmenos.
  6459 | D:4      | Found a snail-covered altar of Cheibriados.
  6660 | D:4      | Noticed a centaur
  6662 | D:4      | HP: 1/44 [centaur (6)]
  6672 | D:5      | Entered Level 5 of the Dungeon
  6891 | D:5      | Noticed a centaur skeleton
  6913 | D:5      | Killed a centaur skeleton
  6913 | D:5      | Reached skill level 6 in Long Blades
  6913 | D:5      | Reached XP level 7. HP: 26/50 MP: 12/12
  6984 | D:5      | HP: 2/50 [ice beast (1)]
  6984 | D:5      | Slain by an ice beast

Action                   |  1- 3 |  4- 6 |  7- 9 || total
-------------------------+-------+-------+-------++-------
Melee: Falchion          |   152 |   384 |    31 ||   567
Throw: Tomahawk          |     4 |    10 |       ||    14
       Javelin           |     3 |     7 |       ||    10
  Use: Scroll            |     1 |     5 |       ||     6
